| TOP OF THE 1ST |
|
Tennessee Smokies batting - Pitching for Mobile BayBears : LHP Danny Kessel
|
|
Pitching: LHP Danny Kessel
|
|
|
Batting: RHB Heef Harted
|
0-0: Called Strike 0-1: Ball 1-1: Ball 2-1: Foul Ball, location: 2F 2-2: Strikes out swinging
|
|
Batting: LHB Brent Dutcher
|
0-0: Ball 1-0: Ground out 4-3 (Groundball, 34, EV 79.4 MPH)
|
|
Batting: RHB Heitaro Tanaka
|
0-0: Called Strike 0-1: Foul Ball, location: 2F 0-2: Strikes out swinging
|
| Top of the 1st over - 0 runs, 0 hits, 0 errors, 0 left on base; Tennessee 0 - Mobile 0 |
| BOTTOM OF THE 1ST |
|
Mobile BayBears batting - Pitching for Tennessee Smokies : RHP Mike Borell
|
|
Pitching: RHP Mike Borell
|
|
|
Batting: LHB Steve Reinhart
|
0-0: Ball 1-0: Ball 2-0: Ball 3-0: Called Strike 3-1: Base on Balls
|
|
Batting: LHB Bobby Arevalo
|
0-0: Ball 1-0: Called Strike 1-1: Foul Ball, location: 2F 1-2: Foul Ball, location: 2F 1-2: Foul Ball, location: 2F 1-2: Foul Ball, location: 2F 1-2: Ball 2-2: Foul Ball, location: 2F 2-2: Fly out, F7 (Flyball, 7, EV 76.2 MPH)
|
|
Batting: RHB John Gray
|
0-0: Ball Passed Ball! Steve Reinhart to second 1-0: Ball 2-0: Called Strike 2-1: Ball 3-1: Fly out, F6 (Flyball, 56D, EV 91.2 MPH)
|
|
Batting: LHB Rick Roemer
|
0-0: Ball 1-0: Ball 2-0: Called Strike 2-1: DOUBLE (Line Drive, 7LM, EV 103.1 MPH) Steve Reinhart scores
|
|
Batting: LHB Josh Gottlieb
|
0-0: Called Strike 0-1: Foul Ball, location: 2F 0-2: Ball 1-2: Ball 2-2: Foul Ball, location: 2F 2-2: Ball 3-2: Foul Ball, location: 2F 3-2: DOUBLE (Popup, 34D, EV 48.1 MPH) Rick Roemer scores
|
|
Batting: RHB Andy Schuett
|
0-0: Called Strike Josh Gottlieb steals 3rd base 0-1: Ball 1-1: Called Strike 1-2: Ball 2-2: Fly out, F3 (Popup, 3SF, EV 76.2 MPH)
|
| Bottom of the 1st over - 2 runs, 2 hits, 0 errors, 1 left on base; Tennessee 0 - Mobile 2 |
| TOP OF THE 2ND |
|
Tennessee Smokies batting - Pitching for Mobile BayBears : LHP Danny Kessel
|
|
Batting: RHB Bobby Gray
|
0-0: Ground out 6-3 (Groundball, 6, EV 85.0 MPH)
|
|
Batting: SHB Rich Ranaldi
|
0-0: Foul Ball, location: 2F 0-1: Called Strike 0-2: Ball 1-2: Ball 2-2: Ball 3-2: Foul Ball, location: 2F 3-2: Ground out U3 (Groundball, 34, EV 86.9 MPH)
|
|
Batting: LHB Brian Newton
|
0-0: Ball 1-0: Ground out 1-3 (Groundball, 13, EV 68.1 MPH)
|
| Top of the 2nd over - 0 runs, 0 hits, 0 errors, 0 left on base; Tennessee 0 - Mobile 2 |
| BOTTOM OF THE 2ND |
|
Mobile BayBears batting - Pitching for Tennessee Smokies : RHP Mike Borell
|
|
Pitching: RHP Devin Ward
|
|
|
Batting: RHB Omar Arroyo
|
0-0: Ball 1-0: Ball 2-0: Called Strike 2-1: Ground out 5-3 (Groundball, 56, EV 97.5 MPH)
|
|
Batting: RHB Dustin Legault
|
0-0: Ball 1-0: Called Strike 1-1: Ball 2-1: Swinging Strike 2-2: Ball 3-2: Foul Ball, location: 2F 3-2: Strikes out swinging
|
|
Batting: RHB Justin Bruce
|
0-0: Ball 1-0: Ball 2-0: Called Strike 2-1: Foul Ball, location: 2F 2-2: SINGLE (Groundball, 6MD, EV 105.0 MPH)
|
|
Batting: LHB Steve Reinhart
|
0-0: Foul Ball, location: 2F 0-1: Ball Wild Pitch! Justin Bruce to second 1-1: Foul Ball, location: 2F 1-2: SINGLE (Line Drive, 6D, EV 96.9 MPH) Justin Bruce to third Runner from 3rd tries for Home, SAFE, throw by CF to home
|
|
Pitching: RHP Bob Gilliam
|
|
|
Batting: LHB Bobby Arevalo
|
0-0: Called Strike Steve Reinhart steals 2nd base 0-1: Ball 1-1: Foul Ball, location: 2F 1-2: Ball 2-2: Ball 3-2: Base on Balls
|
|
Batting: RHB John Gray
|
0-0: Ball 1-0: Ball 2-0: Foul Ball, location: 2F 2-1: Ball 3-1: Base on Balls Steve Reinhart to third Bobby Arevalo to second
|
|
Batting: LHB Rick Roemer
|
0-0: Ball 1-0: Ball 2-0: Ball 3-0: Called Strike 3-1: Called Strike 3-2: Base on Balls Steve Reinhart scores Bobby Arevalo to third John Gray to second
|
|
Batting: LHB Josh Gottlieb
|
0-0: Ball 1-0: Ball 2-0: Called Strike 2-1: Foul Ball, location: 2F 2-2: Strikes out swinging
|
| Bottom of the 2nd over - 2 runs, 2 hits, 0 errors, 3 left on base; Tennessee 0 - Mobile 4 |
| TOP OF THE 3RD |
|
Tennessee Smokies batting - Pitching for Mobile BayBears : LHP Danny Kessel
|
|
Batting: RHB Brian Warren
|
0-0: Ball 1-0: Called Strike 1-1: Ground out 4-3 (Groundball, 4, EV 83.8 MPH)
|
|
Batting: RHB Sean Espejo
|
0-0: Foul Ball, location: 2F 0-1: Called Strike 0-2: Ball 1-2: Hit by Pitch
|
|
Batting: RHB Vij Ramamani
|
0-0: Called Strike 0-1: Ball 1-1: Fielders Choice at 2nd, 4-6 (Groundball, 4S, EV 88.8 MPH)
|
|
Batting: RHB Heef Harted
|
0-0: Called Strike 0-1: Ball 1-1: Called Strike 1-2: Strikes out swinging
|
| Top of the 3rd over - 0 runs, 0 hits, 0 errors, 1 left on base; Tennessee 0 - Mobile 4 |
| BOTTOM OF THE 3RD |
|
Mobile BayBears batting - Pitching for Tennessee Smokies : RHP Bob Gilliam
|
|
Pitching: LHP Nate George
|
|
|
Batting: RHB Andy Schuett
|
0-0: Ball 1-0: Called Strike 1-1: Fly out, F8 (Flyball, 8RD, EV 78.1 MPH)
|
|
Batting: RHB Omar Arroyo
|
0-0: Ball 1-0: Swinging Strike 1-1: Swinging Strike 1-2: Foul Ball, location: 2F 1-2: Ground out 6-3 (Groundball, 6M, EV 105.0 MPH)
|
|
Batting: RHB Dustin Legault
|
0-0: Ball 1-0: Called Strike 1-1: Ball 2-1: Called Strike 2-2: Strikes out swinging
|
| Bottom of the 3rd over - 0 runs, 0 hits, 0 errors, 0 left on base; Tennessee 0 - Mobile 4 |
| TOP OF THE 4TH |
|
Tennessee Smokies batting - Pitching for Mobile BayBears : LHP Danny Kessel
|
|
Batting: LHB Brent Dutcher
|
0-0: Ground out 6-3 (Groundball, 56, EV 84.4 MPH)
|
|
Batting: RHB Heitaro Tanaka
|
0-0: Ball 1-0: Ground out 4-3 (Groundball, 4, EV 87.5 MPH)
|
|
Batting: RHB Bobby Gray
|
0-0: Swinging Strike 0-1: Swinging Strike 0-2: Strikes out swinging
|
| Top of the 4th over - 0 runs, 0 hits, 0 errors, 0 left on base; Tennessee 0 - Mobile 4 |
| BOTTOM OF THE 4TH |
|
Mobile BayBears batting - Pitching for Tennessee Smokies : LHP Nate George
|
|
Batting: RHB Justin Bruce
|
0-0: Ball 1-0: DOUBLE (Groundball, 5L, EV 99.4 MPH)
|
|
Batting: LHB Steve Reinhart
|
0-0: Ball 1-0: Swinging Strike 1-1: Foul Ball, location: 2F 1-2: Ball 2-2: Foul Ball, location: 2F 2-2: Foul Ball, location: 2F 2-2: Ball 3-2: Foul Ball, location: 2F 3-2: Base on Balls
|
|
Batting: LHB Bobby Arevalo
|
0-0: Ball 1-0: Foul Ball, location: 2F 1-1: Called Strike 1-2: Ball 2-2: TRIPLE (Flyball, 8LXD, EV 92.5 MPH) Justin Bruce scores Steve Reinhart scores
|
|
Batting: RHB John Gray
|
0-0: Ball 1-0: Swinging Strike 1-1: Foul Ball, location: 2F 1-2: Foul Ball, location: 2F 1-2: Strikes out looking
|
|
Batting: LHB Rick Roemer
|
0-0: Called Strike 0-1: 2-RUN HOME RUN (Flyball, 89XD, EV 98.8 MPH), Distance : 394 ft
|
|
Batting: LHB Josh Gottlieb
|
0-0: Ball 1-0: Swinging Strike 1-1: Ball 2-1: SOLO HOME RUN (Flyball, 9LD, EV 94.4 MPH), Distance : 346 ft
|
|
Batting: RHB Andy Schuett
|
0-0: Ball 1-0: Ball 2-0: Called Strike 2-1: Foul Ball, location: 2F 2-2: Ball 3-2: SINGLE (Groundball, 6M, EV 102.5 MPH) (infield hit)
|
|
Batting: RHB Omar Arroyo
|
0-0: Ball 1-0: Ball 2-0: Grounds into double play, 2-4-3 (Groundball, 2L, EV 67.5 MPH)
|
| Bottom of the 4th over - 5 runs, 5 hits, 0 errors, 0 left on base; Tennessee 0 - Mobile 9 |
| TOP OF THE 5TH |
|
Tennessee Smokies batting - Pitching for Mobile BayBears : LHP Danny Kessel
|
|
Batting: SHB Rich Ranaldi
|
0-0: Ball 1-0: Called Strike 1-1: Ground out 3-1 (Groundball, 34, EV 102.5 MPH)
|
|
Batting: LHB Brian Newton
|
0-0: Swinging Strike 0-1: Swinging Strike 0-2: Foul Ball, location: 2F 0-2: Strikes out looking
|
|
Batting: RHB Brian Warren
|
0-0: Foul Ball, location: 2F 0-1: Called Strike 0-2: Ball 1-2: Ball 2-2: Ball 3-2: Foul Ball, location: 2F 3-2: Foul Ball, location: 2F 3-2: DOUBLE (Flyball, 89XD, EV 101.2 MPH)
|
|
Batting: RHB Sean Espejo
|
0-0: Ball 1-0: Swinging Strike 1-1: Fly out, F3 (Popup, 3L, EV 76.9 MPH)
|
| Top of the 5th over - 0 runs, 1 hit, 0 errors, 1 left on base; Tennessee 0 - Mobile 9 |
| BOTTOM OF THE 5TH |
|
Mobile BayBears batting - Pitching for Tennessee Smokies : LHP Nate George
|
|
Batting: RHB Dustin Legault
|
0-0: Ball 1-0: Called Strike 1-1: Ball 2-1: DOUBLE (Line Drive, 9D, EV 91.9 MPH)
|
|
Batting: RHB Justin Bruce
|
0-0: Called Strike 0-1: Ball 1-1: SINGLE (Line Drive, 89M, EV 91.2 MPH) Dustin Legault to third
|
|
Batting: LHB Steve Reinhart
|
0-0: Ball 1-0: SINGLE (Groundball, 4MS, EV 73.8 MPH) (infield hit) Dustin Legault scores Justin Bruce to second
|
|
Pitching: RHP Nick Kleckner
|
|
|
Batting: LHB Bobby Arevalo
|
0-0: Called Strike 0-1: Fly out, F3 (Flyball, 3D, EV 83.1 MPH)
|
|
Batting: RHB John Gray
|
0-0: Ball 1-0: Ball 2-0: Ball 3-0: Base on Balls Justin Bruce to third Steve Reinhart to second
|
|
Batting: LHB Rick Roemer
|
0-0: Called Strike 0-1: Ball 1-1: Fielders Choice at 2nd, 3-6 (Groundball, 34S, EV 87.5 MPH) Justin Bruce scores Steve Reinhart to third
|
|
Batting: LHB Josh Gottlieb
|
0-0: Ball 1-0: Foul Ball, location: 2F 1-1: Ball 2-1: Foul Ball, location: 2F 2-2: Ball 3-2: Foul Ball, location: 2F 3-2: Foul Ball, location: 2F 3-2: Foul Ball, location: 2F 3-2: SINGLE (Groundball, 3D, EV 104.4 MPH) Steve Reinhart scores Rick Roemer to second Rick Roemer to third
|
|
Pitching: RHP Chris Rosinsky
|
|
|
Batting: RHB Andy Schuett
|
0-0: Called Strike 0-1: Ball 1-1: Ball 2-1: Fielders Choice at 2nd, 5-4 (Groundball, 5, EV 86.9 MPH)
|
| Bottom of the 5th over - 3 runs, 4 hits, 0 errors, 2 left on base; Tennessee 0 - Mobile 12 |
| TOP OF THE 6TH |
|
Tennessee Smokies batting - Pitching for Mobile BayBears : LHP Danny Kessel
|
|
Batting: RHB Vij Ramamani
|
0-0: Called Strike 0-1: Fly out, F9 (Line Drive, 9S, EV 98.8 MPH)
|
|
Batting: RHB Heef Harted
|
0-0: Called Strike 0-1: Ball 1-1: Swinging Strike 1-2: Foul Ball, location: 2F 1-2: Fly out, F8 (Flyball, 8RM, EV 95.0 MPH)
|
|
Batting: LHB Brent Dutcher
|
0-0: Called Strike 0-1: Foul Ball, location: 2F 0-2: Strikes out looking
|
| Top of the 6th over - 0 runs, 0 hits, 0 errors, 0 left on base; Tennessee 0 - Mobile 12 |
| BOTTOM OF THE 6TH |
|
Mobile BayBears batting - Pitching for Tennessee Smokies : RHP Chris Rosinsky
|
|
Batting: RHB Omar Arroyo
|
0-0: Foul Ball, location: 2F 0-1: Ball 1-1: Ball 2-1: Ball 3-1: Foul Ball, location: 2F 3-2: Foul Ball, location: 2F 3-2: Base on Balls
|
|
Batting: RHB Dustin Legault
|
0-0: Reached on error, E1 (Groundball, 13, EV 63.1 MPH) Omar Arroyo to second
|
|
Batting: RHB Justin Bruce
|
0-0: Fly out, F6 (Flyball, 56D, EV 90.6 MPH)
|
|
Batting: LHB Steve Reinhart
|
0-0: Ball 1-0: Called Strike 1-1: DOUBLE (Flyball, 78D, EV 110.6 MPH) Omar Arroyo scores Dustin Legault to third
|
|
Batting: LHB Bobby Arevalo
|
0-0: Ball 1-0: SINGLE (Groundball, 4MD, EV 97.5 MPH) Dustin Legault scores Steve Reinhart to third Runner from 3rd tries for Home, SAFE, throw by CF to home
|
|
Pitching: RHP John Iddings
|
|
|
Batting: RHB John Gray
|
0-0: Ball 1-0: Foul Ball, location: 2F 1-1: SINGLE (Line Drive, 78M, EV 105.0 MPH) Bobby Arevalo to second
|
|
Batting: LHB Rick Roemer
|
0-0: SINGLE (Groundball, 34, EV 102.5 MPH) Bobby Arevalo to third John Gray to second Runner from 3rd tries for Home, SAFE, throw by RF to home
|
|
Batting: LHB Josh Gottlieb
|
0-0: Ball 1-0: Swinging Strike 1-1: Foul Ball, location: 2F 1-2: Fielders Choice at 2nd, 3-6 (Groundball, 34S, EV 93.8 MPH) John Gray to third
|
|
Batting: RHB Andy Schuett
|
0-0: Ball 1-0: Ball Balk! John Gray scores Josh Gottlieb to second 2-0: Ball 3-0: Base on Balls
|
|
Batting: RHB Omar Arroyo
|
0-0: Ball 1-0: Fly out, F7 (Flyball, 7LM, EV 68.1 MPH)
|
| Bottom of the 6th over - 5 runs, 4 hits, 1 error, 2 left on base; Tennessee 0 - Mobile 17 |
| TOP OF THE 7TH |
|
Tennessee Smokies batting - Pitching for Mobile BayBears : LHP Danny Kessel
|
|
Batting: RHB Heitaro Tanaka
|
0-0: Called Strike 0-1: Ball 1-1: Ball 2-1: Ball 3-1: Base on Balls
|
|
Batting: RHB Bobby Gray
|
0-0: Foul Ball, location: 2F 0-1: Ball 1-1: Swinging Strike 1-2: Strikes out swinging
|
|
Batting: SHB Rich Ranaldi
|
0-0: Swinging Strike 0-1: Called Strike 0-2: Foul Ball, location: 2F 0-2: Ball 1-2: Foul Ball, location: 2F 1-2: Ball 2-2: Ball 3-2: SINGLE (Groundball, 6, EV 104.4 MPH) Heitaro Tanaka to second
|
|
Batting: LHB Brian Newton
|
0-0: Ball 1-0: Fielders Choice at 2nd, 3-6 (Groundball, 3, EV 98.8 MPH) Heitaro Tanaka to third
|
|
Batting: RHB Brian Warren
|
0-0: Ball 1-0: Called Strike 1-1: Ball 2-1: Fly out, F3 (Flyball, 34D, EV 91.2 MPH)
|
| Top of the 7th over - 0 runs, 1 hit, 0 errors, 2 left on base; Tennessee 0 - Mobile 17 |
| BOTTOM OF THE 7TH |
|
Mobile BayBears batting - Pitching for Tennessee Smokies : RHP John Iddings
|
|
Batting: RHB Dustin Legault
|
0-0: Ball 1-0: Swinging Strike 1-1: Ground out 4-3 (Groundball, 4, EV 91.9 MPH)
|
|
Batting: RHB Justin Bruce
|
0-0: Called Strike 0-1: Called Strike 0-2: Ball 1-2: Ball 2-2: Strikes out swinging
|
|
Pitching: RHP Adam Kelliher
|
|
|
Batting: LHB Steve Reinhart
|
0-0: Ball 1-0: Ball 2-0: Ball 3-0: Base on Balls
|
|
Pinch Hitting: LHB J.D. Onorati
|
0-0: Ball 1-0: Ball 2-0: Called Strike 2-1: DOUBLE (Line Drive, 89D, EV 101.2 MPH) Steve Reinhart to third
|
|
Batting: RHB John Gray
|
0-0: Foul Ball, location: 2F 0-1: Foul Ball, location: 2F 0-2: Ball 1-2: Ball 2-2: 3-RUN HOME RUN (Flyball, 89XD, EV 99.4 MPH), Distance : 400 ft
|
|
Batting: LHB Rick Roemer
|
0-0: Ball 1-0: Fly out, F8 (Flyball, 78D, EV 86.9 MPH)
|
| Bottom of the 7th over - 3 runs, 2 hits, 0 errors, 0 left on base; Tennessee 0 - Mobile 20 |
| TOP OF THE 8TH |
|
Tennessee Smokies batting - Pitching for Mobile BayBears : LHP Danny Kessel
|
|
Now at 1B: J.D. Onorati
|
|
|
Batting: RHB Sean Espejo
|
0-0: Ground out 4-3 (Groundball, 4, EV 86.2 MPH)
|
|
Pitching: RHP Matt Hager
|
|
|
Batting: RHB Vij Ramamani
|
0-0: Called Strike 0-1: Ball 1-1: Ball 2-1: Ground out 4-3 (Groundball, 4, EV 90.6 MPH)
|
|
Batting: RHB Heef Harted
|
0-0: Ball 1-0: Ball 2-0: Called Strike 2-1: Foul Ball, location: 2F 2-2: Ground out 5-3 (Groundball, 5, EV 88.1 MPH)
|
| Top of the 8th over - 0 runs, 0 hits, 0 errors, 0 left on base; Tennessee 0 - Mobile 20 |
| BOTTOM OF THE 8TH |
|
Mobile BayBears batting - Pitching for Tennessee Smokies : RHP Adam Kelliher
|
|
Batting: LHB Josh Gottlieb
|
0-0: Ball 1-0: Ball 2-0: Ball 3-0: Called Strike 3-1: Base on Balls
|
|
Pitching: RHP Rashid bin Ala'
|
|
|
Batting: RHB Andy Schuett
|
0-0: Fly out, F6 (Flyball, 6MD, EV 95.6 MPH)
|
|
Batting: RHB Omar Arroyo
|
0-0: Ball 1-0: Ball 2-0: Called Strike 2-1: Ball 3-1: Base on Balls Josh Gottlieb to second
|
|
Batting: RHB Dustin Legault
|
0-0: Ball 1-0: SINGLE (Line Drive, 6MD, EV 97.5 MPH) Josh Gottlieb to third Omar Arroyo to second
|
|
Batting: RHB Justin Bruce
|
0-0: Ball 1-0: Called Strike 1-1: Foul Ball, location: 2F 1-2: DOUBLE (Line Drive, 5D, EV 98.1 MPH) Josh Gottlieb scores Omar Arroyo scores Dustin Legault to third
|
|
Batting: LHB Steve Reinhart
|
0-0: Swinging Strike 0-1: Swinging Strike 0-2: Ball 1-2: Ball 2-2: Ball 3-2: Foul Ball, location: 2F 3-2: Ground out 1-3 (Groundball, 23, EV 73.1 MPH)
|
|
Batting: LHB J.D. Onorati
|
0-0: Foul Ball, location: 2F 0-1: Foul Ball, location: 2F 0-2: Foul Ball, location: 2F 0-2: Strikes out swinging
|
| Bottom of the 8th over - 2 runs, 2 hits, 0 errors, 2 left on base; Tennessee 0 - Mobile 22 |
| TOP OF THE 9TH |
|
Tennessee Smokies batting - Pitching for Mobile BayBears : RHP Matt Hager
|
|
Batting: LHB Brent Dutcher
|
0-0: Ground out 4-3 (Groundball, 4, EV 86.2 MPH)
|
|
Batting: RHB Heitaro Tanaka
|
0-0: DOUBLE (Flyball, 78D, EV 97.5 MPH)
|
|
Batting: RHB Bobby Gray
|
0-0: Foul Ball, location: 2F 0-1: Ground out 6-3 (Groundball, 6, EV 89.4 MPH)
|
|
Batting: SHB Rich Ranaldi
|
0-0: Called Strike 0-1: Ball 1-1: Ball 2-1: Foul Ball, location: 2F 2-2: Fly out, F7 (Flyball, 7LM, EV 88.1 MPH)
|
| Top of the 9th over - 0 runs, 1 hit, 0 errors, 1 left on base; Tennessee 0 - Mobile 22 |
|